 Dungeon Crawl Stone Soup version 0.23.1 (webtiles) character file.

Game seed: 0

44 Giel the Vandal (level 3, 0/24 HPs)
             Began as a Halfling Hunter on Mar 17, 2019.
             Slain by a hobgoblin (4 damage)
             ... on level 2 of the Dungeon on Mar 18, 2019.
             The game lasted 00:06:26 (1268 turns).

Giel the Vandal (Halfling Hunter)                   Turns: 1268, Time: 00:06:26

Health: 0/24       AC:  3    Str: 14    XL:     3   Next: 87%
Magic:  3/3        EV: 14    Int:  9    God:
Gold:   58         SH:  0    Dex: 14    Spells: 2/2 levels left

rFire    . . .     SeeInvis .   a - +1 hunting sling
rCold    . . .     Gourm    .   (shield restricted)
rNeg     . . .     Faith    .   c - +0 leather armour
rPois    .         Spirit   .   (no helmet)
rElec    .         Reflect  .   (no cloak)
rCorr    .         Harm     .   (no gloves)
MR       .....                  (no boots)
Stlth    ++........             (no amulet)
HPRegen  0.08/turn              (no ring)
MPRegen  0.08/turn              (no ring)

@: no status effects
A: small, mutation resistance 1
a: no special abilities


You were on level 2 of the Dungeon.
You were hungry.

You visited 1 branch of the dungeon, and saw 2 of its levels.

You collected 58 gold pieces.

Inventory:

Hand Weapons
 a - a +1 hunting sling (weapon)
 b - a +0 short sword
Missiles
 d - 12 sling bullets (quivered)
 e - 98 stones
Armour
 c - a +0 leather armour (worn)
 k - a +0 scale mail
Scrolls
 g - a scroll of enchant weapon {unknown}
 l - a scroll of teleportation {unknown}
 m - a scroll of enchant armour {unknown}
 o - a scroll of immolation {unknown}
 p - a scroll of amnesia {unknown}
 q - 2 scrolls of remove curse {unknown}
Potions
 h - 2 potions of might {unknown}
 i - a potion of cancellation {unknown}
 j - a potion of agility {unknown}
 n - 2 potions of curing {unknown}
Comestibles
 f - 6 rations


   Skills:
 + Level 2.0 Fighting
 + Level 7.1 Slings
 + Level 1.0 Armour
 + Level 2.2 Dodging
 + Level 1.2 Stealth


You had 2 spell levels left.
You didn't know any spells.
Your spell library was empty.

Dungeon Overview and Level Annotations

Branches:
Dungeon (2/15)

Altars:


Innate Abilities, Weirdness & Mutations

You are small and have problems with some larger weapons.
You are somewhat resistant to further mutation.


Message History

The kobold hits you but does no damage. The hobgoblin misses you.
The kobold closely misses you. The hobgoblin misses you.
The kobold hits you with a +0 dagger. The hobgoblin misses you.
The kobold hits you but does no damage. The hobgoblin completely misses you.
The kobold barely misses you. The hobgoblin completely misses you.
The kobold hits you with a +0 dagger. The hobgoblin closely misses you.
The kobold barely misses you. The hobgoblin misses you.
The kobold hits you but does no damage. The hobgoblin completely misses you.
The kobold barely misses you.
The hobgoblin hits you but does no damage.
The kobold hits you with a +0 dagger. The hobgoblin hits you.
The kobold barely misses you. The hobgoblin barely misses you.
The kobold hits you with a +0 dagger.
* * * LOW HITPOINT WARNING * * *
The hobgoblin hits you but does no damage.
The kobold hits you with a +0 dagger.
* * * LOW HITPOINT WARNING * * *
The hobgoblin hits you but does no damage.
The kobold misses you. The hobgoblin hits you.
You die...

## ##
.###.#####.##
............#
............#
.......g....+
......K@....###
........(.....#
#######.#####.#
#.......#
#.......#
#########.......#
#.........#####.#
#.######### # # #
#.##### #.#. .#


You could see a hobgoblin and a kobold.

Vanquished Creatures
  2 adders (D:2)
  2 leopard geckos
  2 bats (D:1)
  A giant cockroach (D:1)
  3 goblins (D:1)
  2 hobgoblins (D:1)
  6 kobolds (D:1)
  6 rats (D:1)
24 creatures vanquished.

Notes
Turn   | Place    | Note
-------+----------+-------------------------------------------
     0 | D:1      | Giel the Halfling Hunter began the quest for the Orb.
     0 | D:1      | Reached XP level 1. HP: 14/14 MP: 1/1
    51 | D:1      | Reached skill level 6 in Slings
    76 | D:1      | Reached XP level 2. HP: 19/19 MP: 2/2
   391 | D:1      | Reached XP level 3. HP: 19/24 MP: 3/3
  1160 | D:2      | Reached skill level 7 in Slings
  1160 | D:2      | Reached skill level 1 in Armour
  1268 | D:2      | Slain by a hobgoblin

Skill      XL: |  1  2  3 |
---------------+----------+-----
Slings         | 6 7 |  7.1
Fighting       | 2 |  2.0
Armour         | 1 |  1.0
Dodging        | |  2.2
Stealth        | |  1.2

Action                   || total
-------------------------++-------
 Fire: Hunting sling     ||    73
Armor: Leather armour    ||     8
Dodge: Dodged            ||    50
